 Dungeon Crawl Stone Soup version 0.18-a0-739-gdae9da8 (webtiles) character file.

58 coffecat the Conjurer (level 3, -1/14 HPs)
             Began as a Felid Conjurer on Dec 11, 2015.
             Slain by an adder (3 damage)
             ... on level 2 of the Dungeon.
             The game lasted 00:07:42 (1992 turns).

coffecat the Conjurer (Felid Conjurer)              Turns: 1992, Time: 00:07:42

Health: -1/14      AC:  1    Str:  4    XL:     3   Next: 75%
Magic:  1/8        EV: 18    Int: 17    God:
Gold:   77         SH:  0    Dex: 16    Spells: 2 memorised, 5 levels left
                                        Lives:  0   Deaths: 0

rFire  . . .     SeeInvis +     (weapon unavailable)
rCold  . . .     Clarity  .     (armour unavailable)
rNeg   . . .     SustAt   .     (shield unavailable)
rPois  .         Gourm    .     (helmet unavailable)
rElec  .         Spirit   .     (cloak unavailable)
rCorr  .         Dismiss  .     (gloves unavailable)
rMut   .         Stasis   .     (boots unavailable)
MR     .....                    (no amulet)
Stlth  +++.......               (no ring)
                                (no ring)

@: lethally poisoned (-1 -> -6), quick, not resistant to hostile enchantments,
fairly stealthy
A: no armour, no weapons or thrown items, claws 1, fangs 3, see invisible,
carnivore 3, speed 1, shaggy fur 1, slow metabolism 1, sharp paws
a: no special abilities


You were on level 2 of the Dungeon.
You were not hungry.

You visited 1 branch of the dungeon, and saw 2 of its levels.

You collected 77 gold pieces.

Inventory:

Scrolls
 c - a scroll of identify {unknown}
 f - a scroll of immolation {unknown}
Potions
 e - a potion of agility {unknown}
 h - a potion of brilliance {unknown}
 i - a potion of haste {unknown}
Books
 a - a book of Conjurations

   Spells                             Type                      Level
   a - Magic Dart                     Conjuration                  1
   b - Searing Ray                    Conjuration                  2
   c - Dazzling Spray                 Conjuration/Hexes            3
   d - Fulminant Prism                Conjuration/Hexes            4
   e - Iskenderun's Mystic Blast      Conjuration                  4
   f - Iskenderun's Battlesphere      Conjuration/Charms           5
Comestibles
 b - a meat ration
 d - a beef jerky
 g - a slice of pizza


   Skills:
 + Level 2.9 Dodging
 + Level 2.9 Stealth
 + Level 0.2 Unarmed Combat
 * Level 3.0 Spellcasting
 + Level 4.2 Conjurations


You had 5 spell levels left.
You knew the following spells:

 Your Spells              Type           Power        Failure   Level  Hunger
a - Magic Dart            Conj           ###.         3%          1    None
b - Searing Ray           Conj           ###...       6%          2    ##.....


Dungeon Overview and Level Annotations

Branches:
Dungeon (2/15)

Altars:


Innate Abilities, Weirdness & Mutations

You cannot wear armour.
You are incapable of wielding weapons or throwing items.
You have sharp claws.
You have razor-sharp teeth.
You have supernaturally acute eyesight.
You are carnivorous and can eat meat at any time.
You cover ground quickly.
You are covered in fur (AC +1).
You have a slow metabolism.
Your sharp claws are effective at attacking unaware monsters.


Message History

Confirm with . or Enter, or press ? or * to list all spells.
Aiming: Searing Ray
Press: ? - help, Shift-Dir - straight line, f/p - adder
Aim: an adder (heavily wounded)
The searing ray hits the adder.
The adder is almost dead.
You scratch the adder but do no damage.
The adder is almost dead.
The adder bites you.
You are poisoned.
The adder poisons you!
You closely miss the adder.
The adder is almost dead.
You feel sick. The adder bites you.
* * * LOW HITPOINT WARNING * * *
* * * LOW HITPOINT WARNING * * *
You feel sick.
* * * LOW HITPOINT WARNING * * *
You feel sick. The adder bites you.
You die...

###..# ..##.# .#
..##.###..##
...........# ..
..##.###..)##. .#
####.......... ..
###....#...## .#
#...........######## )#
#.#............@S..# .#
#.##...##.#......#.###.#
# #...##.#.####.#.....#
#...##....###.#######
#...###.....#.#
#...###.....#.#
#..............
#..............
####.).........#


You could see an adder.

Vanquished Creatures
  2 adders (D:2)
  2 worms
  3 giant cockroaches
  2 goblins
  5 hobgoblins (D:1)
  3 jackals (D:1)
  7 kobolds
  3 bats
  A giant gecko (D:1)
  A giant newt (D:2)
  A quokka (D:2)
  6 rats
36 creatures vanquished.

Notes
Turn   | Place    | Note
--------------------------------------------------------------
     0 | D:1      | coffecat the Felid Conjurer began the quest for the Orb.
     0 | D:1      | Reached XP level 1. HP: 7/7 MP: 4/4
   428 | D:1      | Reached XP level 2. HP: 11/11 MP: 0/6
   589 | D:1      | Reached skill level 4 in Conjurations
  1278 | D:2      | Learned a level 2 spell: Searing Ray
  1375 | D:2      | Reached XP level 3. HP: 14/14 MP: 2/7
  1992 | D:2      | Slain by an adder

Vault maps used:
D:1:      evilmike_arrival_run_for_it
D:2:      nicolae_overflow_hidden_temple, bloody_makhleb

Action                   || total
-------------------------++-------
Melee: Unarmed           ||    33
 Cast: Magic Dart        ||    71
       Searing Ray       ||    17
  Eat: Chunk             ||     5
